 Dungeon Sprint DCSS version 0.27.0-1-g7a089689b8 (webtiles) character file.

Game seed: 13756844321798284691

8178 Groucho the Imperceptible (level 11, 56/56 HPs)
             Began as a Felid Berserker on Aug 2, 2021.
             Was a High Priest of Trog.
             Got out of the dungeon alive.
             The game lasted 00:07:00 (1660 turns).

Groucho the Imperceptible (Felid Berserker)         Turns: 1660, Time: 00:07:00

Health: 56/56      AC:  2    Str: 13    XL:     11   Next: 6%
Magic:  12/12      EV: 28    Int: 10    God:    Trog [*****.]
Gold:   1598       SH:  0    Dex: 18    Spells: 10/10 levels left
                                        Lives:  2   Deaths: 0

rFire    . . .     SeeInvis +     - Unarmed
rCold    . . .     Faith    .   (shield unavailable)
rNeg     . . .     Spirit   .   (armour unavailable)
rPois    .         Reflect  .   (helmet unavailable)
rElec    .         Harm     .   (cloak unavailable)
rCorr    .         Rampage  .   (gloves unavailable)
Will     +....     NoTele   +   (boots unavailable)
Stlth    +++++++++.             (no amulet)
HPRegen  0.18/turn              (no ring)
MPRegen  0.13/turn              (no ring)

@: quick
A: very small, claws 1, fangs 3, see invisible, speed 1, shaggy fur 2, stealthy
paws, no weapons or thrown items, no armour, multi-lived
a: Renounce Religion, Berserk, Trog's Hand, Brothers in Arms


You escaped.
You worshipped Trog.
Trog was extremely pleased with you.
You visited 1 branch You collected 1598 gold pieces.

Inventory:

Wands
 h - a wand of paralysis (10)
Potions
 a - 3 potions of curing
 b - a potion of heal wounds
 c - a potion of haste
 d - 2 potions of magic
 e - 2 potions of berserk rage
 g - 3 potions of might {unknown}
Miscellaneous
 f - a piece from Xom's chessboard (15/15)


   Skills:
 + Level 11.6 Fighting
 + Level 14.5 Dodging
 + Level 23.6 Stealth
 + Level 11.6 Unarmed Combat


You had 10 spell levels left.
You didn't know any spells.
Your spell library was empty.

Dungeon Overview and Level Annotations

Branches:
Dungeon (1/1)

Altars:
Cheibriados
Dithmenos
Elyvilon
Fedhas
Gozag
Hepliaklqana
Kikubaaqudgha
Makhleb
Nemelex Xobeh
Okawaru
Qazlal
Ru
Sif Muna
Trog
Uskayaw
Vehumet
Wu Jian
Xom
Yredelemnul
Zin
The Shining One
Jiyva
Lugonu

Shops:
D (!*:![[!?(*???!?*:?[[


Innate Abilities, Weirdness & Mutations

You have sharp claws.
You have razor-sharp teeth.
You have supernaturally acute eyesight. (SInv)
You cover ground quickly. (Speed+)
You are covered in thick fur. (AC +2)
Your paws help you pounce on unaware monsters.
You are incapable of wielding weapons or throwing items.
You cannot wear armour.
You gain extra lives every three experience levels.


Message History

Your iron troll is no longer berserk.
Your ogre disappears in a puff of smoke!
Your two-headed ogre disappears in a puff of smoke!
Your ogre rages.
There is an entrance to Deti's Antique Armour Boutique here.
Search for what [Enter for "pois", or ? for help]? wand You swap places.
Your ogre is no longer berserk.
You swap places.
Your iron troll disappears in a puff of smoke!
Your ogre disappears in a puff of smoke!
There is a huge open gate here.
There is a huge open gate here.
There is an open door here.
There is an open door here.
There is a shimmering blue altar of Sif Muna here.
You see here 23 stones.
There is an open door here.
There is an open door here.
Things that are here:
a +0 robe; a +0 scythe
There is an open door here.
You see here a +0 giant club.
You see here a +0 giant club.
You open the door.
Found 54 gold pieces.
There is an open door here.
You now have 1571 gold pieces (gained 27).
You now have 1598 gold pieces (gained 27).
There is an open door here.
You see here a +0 giant club.
There is an open door here.
There is an open door here.
Things that are here:
a +0 leather armour; a +0 club
There is a staircase leading out of the dungeon here.
Are you sure you want to leave the Dungeon?
This will make you lose the game!
Alright, then stay!
Are you sure you want to leave the Dungeon?
This will make you lose the game!
You have escaped!

##################
#@.#..'..#.['..#__
#.['..#.)'..#..'..
#..#####'#####'#__
#..####..#...#.###
#..#__####..##(#≈§
#..#_____##'#_.'≈≈
#⌠⌠#_.∩...'..._#≈≈
####_..__##_.#'##+
#_____###'#.#..


There were no monsters in sight!

Vanquished Creatures
  2 centaur warriors (D)
  Sonja (D)
  A deep troll (D)
  An oklob plant (D)
  2 kobold demonologists (D)
  2 unseen horrors (D)
  A hornet (D)
  A slime creature (D)
  Sigmund (D)
  2 redbacks (D)
  A yak (D)
  2 floating eyes (D)
  7 necrophages (D)
  An ogre (D)
  8 jellies (D)
  Ijyb (D)
34 creatures vanquished.

Vanquished Creatures (collateral kills)
  8 shining eyes (D)
  4 demonic crawlers (D)
  4 floating eyes (D)
16 creatures vanquished.

Vanquished Creatures (others)
  2 ballistomycete spores (D)
2 creatures vanquished.

Grand Total: 52 creatures vanquished

Notes
Turn   | Place    | Note
-------+----------+-------------------------------------------
     0 | D        | Groucho the Felid Berserker began the quest for the Orb.
     0 | D        | Reached XP level 1. HP: 10/10 MP: 2/2
     1 | D        | Noticed Ijyb
    11 | D        | Killed Ijyb
    12 | D        | Reached skill level 8 in Stealth
    12 | D        | Reached XP level 2. HP: 14/14 MP: 3/3
   216 | D        | Noticed an ogre
   218 | D        | Killed an ogre
   219 | D        | Reached skill level 12 in Stealth
   219 | D        | Reached XP level 3. HP: 17/17 MP: 4/4
   219 | D        | Reached XP level 4. HP: 21/21 MP: 5/5
   223 | D        | Noticed Sigmund
   225 | D        | Killed Sigmund
   225 | D        | Reached ** piety under Trog
   226 | D        | Reached skill level 16 in Stealth
   226 | D        | Reached XP level 5. HP: 24/24 MP: 6/6
   237 | D        | Found a shimmering blue altar of Sif Muna.
   238 | D        | Found an ornate altar of the Wu Jian Council.
   239 | D        | Found a radiant altar of Vehumet.
   244 | D        | Gained mutation: You are covered in thick fur. (AC +2)
                  | [Felid growth]
   244 | D        | Reached XP level 6. HP: 28/28 MP: 7/7
   246 | D        | Found Vuameuv's Book Emporium.
   246 | D        | Found an ancient bone altar of Kikubaaqudgha.
   246 | D        | Found a hazy altar of Hepliaklqana.
   246 | D        | Found a stormy altar of Qazlal.
   246 | D        | Found a hide-covered altar of Uskayaw.
   246 | D        | Found a blossoming altar of Fedhas.
   246 | D        | Found a bloodstained altar of Trog.
   246 | D        | Found an iron altar of Okawaru.
   246 | D        | Found a basalt altar of Yredelemnul.
   246 | D        | Found a glowing golden altar of the Shining One.
   246 | D        | Found a snail-covered altar of Cheibriados.
   246 | D        | Found a sacrificial altar of Ru.
   246 | D        | Found a glowing silver altar of Zin.
   246 | D        | Found a shadowy altar of Dithmenos.
   246 | D        | Found a white marble altar of Elyvilon.
   246 | D        | Noticed a yak
   247 | D        | Found an opulent altar of Gozag.
   248 | D        | Killed a yak
   249 | D        | Reached skill level 18 in Stealth
   249 | D        | Found a sparkling altar of Nemelex Xobeh.
   285 | D        | Found a burning altar of Makhleb.
   285 | D        | Found a viscous altar of Jiyva.
   285 | D        | Found a shimmering altar of Xom.
   285 | D        | Found a corrupted altar of Lugonu.
   285 | D        | Noticed a slime creature
   288 | D        | Killed a slime creature
   288 | D        | Reached *** piety under Trog
   289 | D        | Reached skill level 19 in Stealth
   289 | D        | Reached XP level 7. HP: 31/31 MP: 8/8
   312 | D        | Noticed a centaur warrior
   312 | D        | Noticed a centaur warrior
   313 | D        | Killed a centaur warrior
   314 | D        | Reached skill level 5 in Fighting
   314 | D        | Reached skill level 20 in Stealth
   314 | D        | Reached skill level 5 in Unarmed Combat
   314 | D        | Reached XP level 8. HP: 38/38 MP: 9/9
   314 | D        | Killed a centaur warrior
   315 | D        | Reached skill level 21 in Stealth
   324 | D        | Noticed a hornet
   327 | D        | Killed a hornet
   328 | D        | Reached XP level 9. HP: 43/43 MP: 10/10
   338 | D        | Noticed an oklob plant
   340 | D        | Killed an oklob plant
   341 | D        | Reached skill level 10 in Dodging
   347 | D        | Reached **** piety under Trog
   485 | D        | Noticed an unseen horror
   485 | D        | Noticed an unseen horror
   501 | D        | Killed an unseen horror
   504 | D        | Killed an unseen horror
   505 | D        | Reached skill level 22 in Stealth
   641 | D        | Reached ***** piety under Trog
   824 | D        | Reached XP level 10. HP: 49/49 MP: 11/11
   831 | D        | Reached ****** piety under Trog
   859 | D        | Found Achaloun's Distillery.
   859 | D        | Found Jisud's Antique Armour Shop.
   859 | D        | Found Qurghehae's Magic Scroll Boutique.
   861 | D        | Found Gamibr Asunk's Antique Weapon Emporium.
   861 | D        | Found Foovveock's Assorted Antiques.
   861 | D        | Found Pitaoph's Magic Scroll Shoppe.
   861 | D        | Found Vacvaacs's Magic Scroll Boutique.
   861 | D        | Found Lehunedi's Magic Scroll Emporium.
   861 | D        | Found Ufeph's Distillery.
   861 | D        | Found Utuliost's Magic Scroll Shoppe.
   865 | D        | Found Jurhuff's Assorted Antiques.
   868 | D        | Found Jelad's Magic Scroll Emporium.
   868 | D        | Found Izuitas's Book Boutique.
   869 | D        | Found Dubie's Antique Armour Emporium.
  1114 | D        | Noticed a deep troll
  1116 | D        | Killed a deep troll
  1117 | D        | Reached skill level 10 in Fighting
  1117 | D        | Reached skill level 10 in Unarmed Combat
  1128 | D        | Found Vucu Uli's Armour Emporium.
  1140 | D        | Noticed Sonja
  1143 | D        | Killed Sonja
  1158 | D        | Found Ucsiatu's Antique Weapon Boutique.
  1263 | D        | Reached skill level 23 in Stealth
  1549 | D        | Noticed a shining eye
  1549 | D        | Noticed a shining eye
  1549 | D        | Noticed a shining eye
  1549 | D        | Noticed a shining eye
  1549 | D        | Noticed a shining eye
  1549 | D        | Noticed a shining eye
  1552 | D        | Killed a shining eye
  1553 | D        | Killed a shining eye
  1554 | D        | Killed a shining eye
  1554 | D        | Killed a shining eye
  1555 | D        | Noticed a shining eye
  1555 | D        | Noticed a shining eye
  1556 | D        | Killed a shining eye
  1556 | D        | Paralysed by a floating eye for 4 turns
  1559 | D        | Killed a shining eye
  1560 | D        | Reached XP level 11. HP: 55/55 MP: 12/12
  1561 | D        | Killed a shining eye
  1561 | D        | Killed a shining eye
  1568 | D        | Found Jashry's Distillery.
  1568 | D        | Found Kuymuq's Distillery.
  1568 | D        | Found Uboawade's General Store.
  1568 | D        | Found Deti's Antique Armour Boutique.
  1660 | D        | Got out of the dungeon alive.

Illustrated notes

Levels and vault maps discovered:
D:        dungeon_sprint_1 [red_sonja_temple_1, red_sonja_temple_small_1]

Skill      XL: |  1  2  3  4  5  6  7  8  9 10 |
---------------+-------------------------------+-----
Stealth        | 8 12 16 19 20 21 22 23 | 23.6
Fighting       | 5 7 9 11 | 11.6
Dodging        | 7 9 12 14 | 14.5
Unarmed Combat | 5 7 9 11 | 11.6

Action                   |  1- 3 |  4- 6 |  7- 9 | 10-12 || total
-------------------------+-------+-------+-------+-------++-------
Melee: Unarmed           |     7 |     4 |    30 |    16 ||    57
       Bite              |       |       |     5 |     1 ||     6
       Punch             |       |       |     1 |       ||     1
Invok: Berserk           |     1 |       |     2 |     1 ||     4
       Trog's Hand       |       |       |     3 |     1 ||     4
       Brothers in Arms  |       |       |       |     8 ||     8
  Use: Scroll            |       |       |     1 |       ||     1
 Stab: Sleeping          |     1 |     4 |    12 |     5 ||    22
Armor: Skin              |       |       |     2 |       ||     2
Dodge: Dodged            |     3 |       |    29 |    18 ||    50
